 Dungeon Crawl Stone Soup version 0.15-a0-1506-g1b030bc (webtiles) character file.

2405 BluebellGnoll the Conjurer (level 9, -3/52 HPs)
             Began as a Tengu Conjurer on June 15, 2014.
             Was a Follower of Okawaru.
             Slain by an orc warrior
             ... wielding a +2,+0 mace of crushing
              (5 damage)
             ... on Level 6 of the Dungeon.
             The game lasted 00:58:43 (8495 turns).

BluebellGnoll the Conjurer (Tengu Conjurer)         Turns: 8495, Time: 00:58:43

HP  -3/52        AC  4     Str  8      XL: 9   Next: 47%
MP  12/23        EV 10     Int 20      God: Okawaru [*.....]
Gold 204         SH  4     Dex 15      Spells:  5 memorised,  4 levels left

rFire  . . .     SeeInvis .     g - +3,+1 war axe (chop)
rCold  . . .     Clarity  .     C - +0 leather armour
rNeg   . . .     rCorr    .     i - +1 buckler
rPois  .         rRot     .     (helmet restricted)
rElec  .         Spirit   .     l - +0 cloak
SustAb .         Warding  .     (no gloves)
rMut   .         Stasis   .     (boots unavailable)
Gourm  .                        (no amulet)
MR     .....                    (no ring)
                                r - +1 ring of dexterity

@: not resistant to hostile enchantments, unstealthy
A: able to fly, beak, talons 3
a: Fly, Heroism, Renounce Religion


You were on level 6 of the Dungeon.
You worshipped Okawaru.
Okawaru was aware of your devotion.
You were hungry.

You visited 2 branches of the dungeon, and saw 7 of its levels.
You also visited: Ossuary.

You collected 204 gold pieces.

Inventory:

Hand weapons
 g - a +3,+1 war axe of chopping (weapon)
 k - a +0,+0 cutlass
 q - a cursed +1,+2 dagger of venom
Missiles
 h - 3 tomahawks
 j - 3 javelins (quivered)
Armour
 i - a +1 buckler (worn)
 l - a +0 cloak (worn)
 C - a +0 leather armour (worn)
 F - a +2 robe of positive energy
Magical devices
 B - a wand of lightning (7) {unknown}
 E - a wand of fireball (0)
Comestibles
 a - a beef jerky
 b - 6 bread rations
 z - a chunk of orc flesh
 G - a chunk of bat flesh
Scrolls
 e - 2 scrolls of teleportation
 f - 2 scrolls of fear
 p - a scroll of enchant armour
 w - 4 scrolls of identify
 y - 5 scrolls of remove curse
 A - a scroll of immolation
Jewellery
 r - a +1 ring of dexterity (left hand)
Potions
 d - 2 potions of might
 n - a potion of degeneration {unknown}
 o - 5 potions of heal wounds
 s - a potion of poison {unknown}
 t - 2 potions of magic
 u - a potion of brilliance
 v - 3 potions of curing
 x - a potion of lignification
Books
 c - a book of Conjurations

   Spells                             Type                      Level
   *Magic Dart                        Conjuration                  1
   *Searing Ray                       Conjuration                  2
   *Dazzling Spray                    Conjuration/Hexes            3
   Fulminant Prism                    Conjuration/Hexes            4
   *Iskenderun's Mystic Blast         Conjuration                  4
   *Iskenderun's Battlesphere         Conjuration/Charms           5


   Skills:
 - Level 4.1 Fighting
 - Level 2.1 Dodging
 - Level 2.0 Stealth
 - Level 5.6 Spellcasting
 + Level 13.5 Conjurations


You had 4 spell levels left.
You knew the following spells:

 Your Spells              Type           Power        Failure   Level  Hunger
a - Magic Dart            Conj           ####         1%          1    None
b - Searing Ray           Conj           ######       1%          2    None
c - Dazzling Spray        Conj/Hex       ####....     4%          3    ##.....
d - Iskenderun's Mystic   Conj           ######..     1%          4    ####...
e - Iskenderun's Battles  Conj/Chrm      ####....     38%         5    #####..


Dungeon Overview and Level Annotations

Branches:
Dungeon (6/15)             Temple (1/1) D:5

Altars:
Ashenzari
Dithmenos
Elyvilon
Gozag
Okawaru
Sif Muna
Trog
Xom
The Shining One


Innate Abilities, Weirdness & Mutations

You can fly.
You have a beak for a mouth.
You have claws for feet.


Message History

You hit the orc warrior but do no damage.
The orc warrior is heavily wounded.
The orc warrior closely misses you.
You hit the orc warrior but do no damage.
Your kick misses the orc warrior.
The orc warrior is heavily wounded.
The orc warrior hits you with a glowing mace!!
* * * LOW HITPOINT WARNING * * *
You are too injured to fight recklessly!
Casting: Dazzling Spray
Confirm with . or Enter, or press ? or * to list all spells.
Aiming: Dazzling Spray
Press: ? - help, Shift-Dir - straight line, f/p - orc warrior
Aim: an orc warrior, wielding a glowing mace and wearing a chain mail (heavily wounded)
The spray of energy hits the orc warrior.
The orc warrior is severely wounded.
You are feeling hungry.
The orc warrior hits you with a glowing mace!
* * * LOW HITPOINT WARNING * * *
You die...

##. #### ....# ...####
...# ##.#.(..########
....# ...##....##....#
....# #........##.##.#
##.####.###....o@.<..#
......#......#.#.#.###
...##.#......#.#...#
#..##.#.###....###.#
..........>..#####.#
#.####..##........##
#.....).##....###.#
##......#.....#.#.#
........#.....#.#.#


You could see an orc warrior.

Vanquished Creatures
  A hippogriff (D:5)
  Edmund (D:5)
  The ghost of pierdole the Ruinous, an average VSCj (D:3)
  A sky beast (D:6)
  2 ogres
  A phantom (D:4)
  2 centaurs (D:5)
  An ice beast (D:6)
  A giant frog (D:6)
  4 wights (D:6)
  A scorpion (D:5)
  A centaur zombie (Ossuary)
  2 crimson imps (D:5)
  4 human zombies (Ossuary)
  3 iguanas
  An orc priest (D:5)
  4 hounds
  5 orc wizards
  A centaur skeleton (D:5)
  6 worker ants
  Natasha (thrice) (D:5)
  A killer bee zombie (D:5)
  A big kobold zombie (Ossuary)
  Terence (D:2)
  3 mummies
  5 adders
  4 gnolls (D:6)
  3 worms
  An adder skeleton (D:5)
  3 giant geckos
  24 orcs
  3 ball pythons
  17 bats
  4 giant cockroaches
  15 hobgoblins
  6 jackals
  5 quokkas
  A giant gecko skeleton (D:4)
  8 giant newts
  11 goblins
  2 goblin zombies (Ossuary)
  10 hobgoblin zombies (Ossuary)
  4 jackal zombies (Ossuary)
  16 kobolds
  5 kobold zombies
  12 orc zombies
  15 rats
  A plant (D:1)
227 creatures vanquished.

Notes
Turn   | Place    | Note
--------------------------------------------------------------
     0 | D:1      | BluebellGnoll, the Tengu Conjurer, began the quest for the Orb.
     0 | D:1      | Reached XP level 1. HP: 10/10 MP: 3/3
   221 | D:1      | Reached XP level 2. HP: 15/15 MP: 2/6
   225 | D:1      | Learned a level 2 spell: Searing Ray
   991 | D:2      | Reached XP level 3. HP: 19/19 MP: 9/9
   999 | D:2      | Learned a level 3 spell: Dazzling Spray
  1548 | D:2      | Noticed Terence
  1557 | D:2      | Killed Terence
  1557 | D:2      | Reached XP level 4. HP: 13/24 MP: 2/12
  1752 | D:2      | Learned a level 4 spell: Iskenderun's Mystic Blast
  2018 | D:3      | HP: 1/24 [giant gecko (2)]
  2366 | D:3      | Noticed pierdole's ghost (average VSCj)
  2370 | D:3      | Reached XP level 5. HP: 24/28 MP: 1/15
  2391 | D:3      | Killed pierdole's ghost
  2391 | D:3      | Reached skill level 5 in Spellcasting
  2655 | D:3      | Reached XP level 6. HP: 13/32 MP: 17/19
  2787 | D:3      | Learned a level 5 spell: Iskenderun's Battlesphere
  3073 | D:3      | Found a bloodstained altar of Trog.
  3809 | D:4      | Reached skill level 6 in Conjurations
  3911 | D:4      | Reached skill level 7 in Conjurations
  4093 | D:4      | Reached XP level 7. HP: 31/36 MP: 15/20
  4255 | D:4      | Reached skill level 8 in Conjurations
  4379 | D:4      | Found a sand-covered staircase.
  4408 | Ossuary  | Entered an ossuary
  4714 | Ossuary  | Reached skill level 9 in Conjurations
  5241 | Ossuary  | Reached XP level 8. HP: 41/41 MP: 18/22
  5260 | D:4      | Reached skill level 10 in Conjurations
  5661 | D:5      | Entered Level 5 of the Dungeon
  5758 | D:5      | Found a staircase to the Ecumenical Temple.
  5788 | Temple   | Entered the Ecumenical Temple
  5823 | Temple   | Became a worshipper of Warmaster Okawaru
  5969 | D:5      | Reached skill level 11 in Conjurations
  6089 | D:5      | Reached skill level 1 in Fighting
  6421 | D:5      | Acquired Okawaru's first power
  6649 | D:5      | Noticed Natasha
  6652 | D:5      | Killed Natasha
  6775 | D:5      | Reached skill level 12 in Conjurations
  6855 | D:5      | Noticed Edmund
  7251 | D:5      | Killed Edmund
  7251 | D:5      | Reached XP level 9. HP: 47/49 MP: 14/23
  7265 | D:5      | Noticed Natasha
  7267 | D:5      | Killed Natasha
  7379 | D:5      | Noticed Natasha
  7381 | D:5      | Killed Natasha
  7461 | D:6      | Found a deep blue altar of Sif Muna.
  7675 | D:6      | Reached skill level 13 in Conjurations
  8495 | D:6      | HP: 2/52 [orc warrior/glowing mace (16)]
  8495 | D:6      | Slain by an orc warrior

Action                   |  1- 3 |  4- 6 |  7- 9 || total
-------------------------+-------+-------+-------++-------
Melee: Hand axe          |    84 |       |       ||    84
       Dagger            |    12 |    51 |     9 ||    72
       War axe           |       |    18 |   117 ||   135
Throw: Javelin           |       |       |     1 ||     1
 Cast: Magic Dart        |    29 |    55 |    91 ||   175
       Searing Ray       |     5 |    11 |    45 ||    61
       Dazzling Spray    |       |       |    18 ||    18
       Iskenderun's Batt |       |       |     2 ||     2
       Iskenderun's Myst |       |       |     8 ||     8
Evoke: Wand              |       |       |     1 ||     1
  Use: Scroll            |     4 |     6 |    11 ||    21
       Potion            |       |     2 |       ||     2
 Stab: Sleeping          |     4 |     2 |     3 ||     9
       Invisible         |       |       |     2 ||     2
       Distracted        |       |       |     1 ||     1
